 Dungeon Sprint DCSS version 0.20.1-1-g8b1a95d (webtiles) character file.

835 equalderp2856 the Cleaver (level 7, -1/72 HPs)
             Began as a Minotaur Fighter on Sept 3, 2017.
             Slain by a nine-headed hydra (8 damage)
             ... in the Dungeon (Sprint IX: "|||||||||||||||||||||||||||||").
             The game lasted 00:01:50 (267 turns).

equalderp2856 the Cleaver (Minotaur Fighter)         Turns: 267, Time: 00:01:51

Health: -1/72      AC:  8    Str: 26    XL:     7   Next: 66%
Magic:  6/6        EV: 10    Int:  9    God:
Gold:   0          SH: 12    Dex: 13    Spells: 6/6 levels left

rFire    . . .     SeeInvis .   w - +3 war axe (freeze)
rCold    . . .     Gourm    .   c - +0 shield
rNeg     . . .     Faith    .   b - +0 scale mail
rPois    .         Spirit   .   (helmet restricted)
rElec    .         Reflect  .   (no cloak)
rCorr    .         Harm     .   (no gloves)
MR       .....     NoTele   +   (no boots)
Stlth    ..........             (no amulet)
Regen    0.3/turn               p - +3 ring of intelligence
MPRegen  0.1/turn               q - +3 ring of dexterity

@: mighty
A: retaliatory headbutt, horns 2
a: no special abilities


You were in the Dungeon.
You were not hungry.

You visited 1 branch

Inventory:

Hand Weapons
 a - a +0 war axe
 s - a +2 scimitar of holy wrath
 t - a +0 war axe of chopping
 w - a +3 war axe of freezing (weapon)
Armour
 b - a +0 scale mail (worn)
 c - a +0 shield (worn)
 r - a +2 ring mail
 u - a +0 plate armour
Magical Staves
 v - an uncursed staff of energy
Jewellery
 p - a +3 ring of intelligence (left hand)
 q - a +3 ring of dexterity (right hand)
Wands
 o - a wand of acid (7/15)
Scrolls
 k - 2 scrolls of blinking
 m - 3 scrolls of remove curse
 n - 2 scrolls of amnesia
Potions
 e - 5 potions of curing
 g - 2 potions of heal wounds
 h - a potion of haste
 i - 4 potions of magic
 j - a potion of berserk rage
 l - a potion of invisibility
Comestibles
 f - a bread ration


   Skills:
 + Level 10.1 Fighting
 + Level 5.5 Long Blades
 + Level 10.8 Axes
 + Level 9.9 Armour
 + Level 2.5 Dodging
 + Level 9.6 Shields


You had 6 spell levels left.
You didn't know any spells.

Dungeon Overview and Level Annotations

Branches:
Dungeon (1/1)

Altars:
Cheibriados
Dithmenos
Elyvilon
Fedhas
Gozag
Hepliaklqana
Kikubaaqudgha
Makhleb
Nemelex Xobeh
Okawaru
Qazlal
Ru
Sif Muna
Trog
Uskayaw
Vehumet
Xom
Yredelemnul
Zin
The Shining One
Beogh
Jiyva
Lugonu


Innate Abilities, Weirdness & Mutations

You reflexively headbutt those who attack you in melee.
You have a pair of horns on your head.


Message History

Your Fighting skill increases to level 10!
Your Long Blades skill increases to level 5!
Your Axes skill increases to level 10!
A sky beast appears from thin air!
Reactivating autopickup.
Wield which item (- for none, * to show all)? (? for menu, Esc to quit)
Okay, then.
You hack one of the eight-headed hydra's heads off!
The seven-headed hydra grows two more!
You slice the nine-headed hydra!! You freeze the nine-headed hydra!
You headbutt the nine-headed hydra!!
The nine-headed hydra is severely wounded.
The nine-headed hydra bites you.
* * * LOW HITPOINT WARNING * * *
The nine-headed hydra bites you.
* * * LOW HITPOINT WARNING * * *
The nine-headed hydra barely misses you.
The nine-headed hydra bites you but does no damage.
You block the nine-headed hydra's attack. x2
The nine-headed hydra bites you!
You die...

▓.▓
▓.▓
▓.▓
▓.▓
▓'▓
▓_▓
▓_▓
▓_▓
▓@▓
▓D▓
▓Y▓
▓§▓
▓Z▓
▓l▓
▓_▓
▓_▓
▓_▓


You could see a nine-headed hydra, a sky beast, an iguana and a quokka zombie.

Vanquished Creatures
  A komodo dragon (D)
  A wyvern (D)
  2 orc warriors (D)
  A centaur (D)
  A bullfrog (D)
  A scorpion (D)
  A howler monkey (D)
  A worker ant (D)
  An adder skeleton (D)
  An orc (D)
  A giant cockroach (D)
  A hobgoblin (D)
  2 kobolds (D)
  A leopard gecko zombie (D)
  A quokka zombie (D)
  A rat (D)
18 creatures vanquished.

Notes
Turn   | Place    | Note
-------+----------+-------------------------------------------
     0 | D        | equalderp2856 the Minotaur Fighter began the quest for the Orb.
     0 | D        | Reached XP level 1. HP: 19/19 MP: 0/0
    65 | D        | Noticed a worker ant
    65 | D        | Noticed a howler monkey
    65 | D        | Noticed a scorpion
    70 | D        | Killed a worker ant
    70 | D        | Reached skill level 5 in Fighting
    70 | D        | Reached skill level 5 in Armour
    70 | D        | Reached XP level 2. HP: 29/29 MP: 1/1
    77 | D        | Killed a howler monkey
    77 | D        | Reached skill level 5 in Shields
    77 | D        | Reached XP level 3. HP: 34/37 MP: 2/2
    78 | D        | Killed a scorpion
    78 | D        | Reached skill level 5 in Axes
    78 | D        | Reached XP level 4. HP: 42/45 MP: 3/3
    87 | D        | Found a roughly hewn altar of Beogh.
    87 | D        | Found a snail-covered altar of Cheibriados.
    87 | D        | Found a shadowy altar of Dithmenos.
    87 | D        | Found a white marble altar of Elyvilon.
    87 | D        | Found a blossoming altar of Fedhas.
    87 | D        | Found an opulent altar of Gozag.
    97 | D        | Found a hazy altar of Hepliaklqana.
    98 | D        | Found a viscous altar of Jiyva.
    99 | D        | Found an ancient bone altar of Kikubaaqudgha.
   100 | D        | Found a corrupted altar of Lugonu.
   101 | D        | Found a burning altar of Makhleb.
   102 | D        | Found a sparkling altar of Nemelex Xobeh.
   103 | D        | Found an iron altar of Okawaru.
   104 | D        | Found a stormy altar of Qazlal.
   105 | D        | Found a sacrificial altar of Ru.
   106 | D        | Found a deep blue altar of Sif Muna.
   107 | D        | Found a bloodstained altar of Trog.
   108 | D        | Found a hide-covered altar of Uskayaw.
   109 | D        | Found a radiant altar of Vehumet.
   111 | D        | Found a shimmering altar of Xom.
   112 | D        | Found a basalt altar of Yredelemnul.
   113 | D        | Found a glowing silver altar of Zin.
   114 | D        | Found a glowing golden altar of the Shining One.
   159 | D        | Noticed a wyvern
   159 | D        | Noticed a centaur
   159 | D        | Noticed an orc warrior
   159 | D        | Noticed a bullfrog
   164 | D        | Killed a wyvern
   164 | D        | Reached skill level 1 in Long Blades
   164 | D        | Reached XP level 5. HP: 27/56 MP: 4/4
   164 | D        | Reached XP level 6. HP: 30/62 MP: 5/5
   172 | D        | Reached skill level 1 in Dodging
   179 | D        | Killed an orc warrior
   217 | D        | Noticed an orc warrior
   217 | D        | Noticed a komodo dragon
   217 | D        | Noticed an eight-headed hydra
   217 | D        | Noticed a sky beast
   222 | D        | Killed an orc warrior
   222 | D        | Reached XP level 7. HP: 29/71 MP: 6/6
   266 | D        | Killed a komodo dragon
   266 | D        | Reached skill level 10 in Fighting
   266 | D        | Reached skill level 5 in Long Blades
   266 | D        | Reached skill level 10 in Axes
   267 | D        | Slain by a nine-headed hydra

Skill      XL: |  1  2  3  4  5  6  7 |
---------------+----------------------+-----
Armour         | 5 6 8 9 |  9.9
Fighting       | 5 6 8 9 10 | 10.1
Axes           | 3 4 5 7 9 10 | 10.8
Shields        | 4 5 6 7 9 |  9.6
Long Blades    | 1 4 5 |  5.5
Dodging        | 2 |  2.5

Action                   |  1- 3 |  4- 6 |  7- 9 || total
-------------------------+-------+-------+-------++-------
Melee: War axe           |    21 |     7 |     6 ||    34
       Headbutt          |     1 |     8 |     2 ||    11
       Scimitar          |       |    20 |       ||    20
  Use: Potion            |       |     1 |     1 ||     2
Armor: Scale mail        |    12 |     6 |     1 ||    19
Dodge: Dodged            |     3 |    13 |     1 ||    17
Block: Shield            |     9 |    14 |     4 ||    27
       Rpst.: Scimitar   |       |     3 |       ||     3
